 Dungeon Crawl Stone Soup version 0.29-a0-789-g7a8fcbc185 (webtiles) character file.

Game seed: 1452610286454949344

6 trckry the Sneak (level 1, -1/18 HPs)
             Began as a Mummy Delver on July 2, 2022.
             Slain by a bullfrog (8 damage)
             ... on level 5 of the Dungeon.
             The game lasted 00:01:02 (126 turns).

trckry the Sneak (Mummy Delver)                      Turns: 126, Time: 00:01:03

Health: -1/18      AC:  3    Str: 15    XL:     1   Next: 75%
Magic:  1/1        EV: 11    Int:  9    God:
Gold:   0          SH:  0    Dex: 13    Spells: 0/0 levels left

rFire   x . .      SeeInvis .   a - +0 falchion
rCold   + . .      Faith    .   (no shield)
rNeg    + + +      Spirit   .   b - +0 leather armour
rPois   ∞          Reflect  .   (no helmet)
rElec   .          Harm     .   (no cloak)
rCorr   .          Rampage  .   (no gloves)
Will    .....                   (no boots)
Stlth   ++........              (no amulet)
HPRegen 0.06/turn               (no ring)
MPRegen 0.07/turn               (no ring)

@: no status effects
A: cold resistance 1, negative energy resistance 3, torment resistance 2, heat
vulnerability 1, no potions
a: no special abilities


You were on level 5 of the Dungeon.
You visited 1 branch of the dungeon, and saw 2 of its levels.

Inventory:

Hand Weapons
 a - a +0 falchion (weapon)
Armour
 b - a +0 leather armour (worn)
Wands
 f - a wand of digging (3)
Scrolls
 c - a scroll of fog
 d - a scroll of magic mapping
 e - a scroll of fear


   Skills:
 + Level 3.0 Fighting
 * Level 1.8 Long Blades
 + Level 0.2 Armour
 + Level 1.6 Dodging
 - Level 4.1 Stealth


You couldn't memorise any spells.
You didn't know any spells.
Your spell library was empty.

Dungeon Overview and Level Annotations

Branches:
Dungeon (6/15) Zot: 11870
 Temple: D:4-7

Altars:


Innate Abilities, Weirdness & Mutations

You are immune to poison.
Your flesh is cold resistant. (rC+)
You are immune to negative energy. (rN+++)
You are immune to unholy pain and torment.
You are vulnerable to heat. (rF-)
You do not drink.


Message History

Things that are here:
a +0 hand axe; a +0 leather armour; an orc corpse
There is a stone staircase leading down here.
You climb downwards.
Found a scale mail.
Found an escape hatch in the floor.
Found a stone staircase leading up.
There is a stone staircase leading up here.
Found a pair of gloves.
A sky beast comes into view.
Found 13 gold pieces.
Found a stone staircase leading up.
The bullfrog gives a loud, deep croak!
There is a stone staircase leading up here.
The bullfrog misses you.
You climb upwards.
There is a stone staircase leading down here.
You slash the bullfrog!
The bullfrog is moderately wounded.
The bullfrog barely misses you. The bullfrog misses you.
You miss the bullfrog.
The bullfrog is moderately wounded.
The bullfrog hits you! The bullfrog barely misses you.
You take 7 damage, and have 7/18 hp.
MASSIVE DAMAGE!!
You slash the bullfrog!
The bullfrog is severely wounded.
The bullfrog barely misses you. x2
You hit the bullfrog.
The bullfrog is severely wounded.
The bullfrog barely misses you. The bullfrog misses you.
You hit the bullfrog.
The bullfrog is severely wounded.
The bullfrog barely misses you.
You barely miss the bullfrog.
The bullfrog is severely wounded.
The bullfrog barely misses you.
The bullfrog hits you but does no damage.
You hit the bullfrog.
The bullfrog is almost dead.
The bullfrog hits you!
You die...

#########
......F@#
#######.#
#.# #.#
#.# ..#
###


You could see a bullfrog.

Vanquished Creatures
  3 orcs (D:5)
3 creatures vanquished.

Notes
Turn   | Place    | Note
-------+----------+-------------------------------------------
     0 | D:5      | trckry the Mummy Delver began the quest for the Orb.
     0 | D:5      | Reached XP level 1. HP: 18/18 MP: 1/1
    97 | D:5      | Noticed an iguana
   102 | D:5      | Noticed a jelly
   113 | D:6      | Noticed a bullfrog
   116 | D:6      | Noticed a sky beast
   126 | D:5      | Slain by a bullfrog

Illustrated notes

Levels and vault maps discovered:
D:5:      layout_basic
D:6:      layout_loops_ring, nicolae_hepliaklqana_ecumenical_no_more,
          gammafunk_temple_overflow_wave, minmay_misc_feat_rugged,
          chequers_serial_rivers_large_a, minmay_misc_feat_plants

Action                   || total
-------------------------++-------
Melee: Falchion          ||    16
Armor: Leather armour    ||     2
Dodge: Dodged            ||    11

Table legend: (Time is in decaauts)
 A = Elapsed time spent in this place.
 B = Non-inter-level travel time spent in this place.
 C = Inter-level travel time spent in this place.
 D = Time resting spent in this place.
 E = Time spent auto-exploring this place.
 F = Levels seen in this place.
 G = Mean time per level.
                   A        B        C        D        E       F      G
               +--------+--------+--------+--------+--------+-----+--------+
         Total |    128 |    128 |      0 |     53 |      0 |   2 |   64.0 |
       Dungeon |    128 |    128 |      0 |     53 |      0 |   2 |   64.0 |
               +--------+--------+--------+--------+--------+-----+--------+

Top non-repeatable levels by time:
     D:5: 123 daAuts
     D:6: 5 daAuts
